[Event "Vener-dì-Lampo"]
[Site "Chess.com"]
[Date "2020.05.29"]
[Round "1"]
[White "crippo"]
[Black "SanSecondoPR"]
[Result "1-0"]
[WhiteElo "1609"]
[BlackElo "1232"]
[TimeControl "300+2"]
[EndTime "12:05:58 PDT"]
[Termination "crippo ha vinto per abbandono"]

1. e4 e5 2. Nf3 Nc6 3. Bc4 Nf6 4. d3 Bc5 5. Bg5 d6 6. Nc3 Be6 7. Nd5 Bxd5 8. exd5 Na5 9. Bb5+ c6 10. dxc6 bxc6 11.
Ba4 Qe7 12. Qd2 Bb6 13. b4 e4 14. O-O O-O 15. bxa5 exf3 16. axb6 fxg2 17. Rfe1 Qd8 18. Bxc6 Rb8 19. bxa7 Rc8 20. a8=Q Rxa8 21. Bxa8 Qxa8 22. Bxf6 gxf6 23. Qh6 Qf3 24. Re3 Qf5 25. Rg3+ 1-0

[Event "Vener-dì-Lampo"]
[Site "Chess.com"]
[Date "2020.05.29"]
[Round "1"]
[White "Mrtre7"]
[Black "fisherpez"]
[Result "0-1"]
[WhiteElo "1453"]
[BlackElo "1715"]
[TimeControl "300+2"]
[EndTime "12:07:33 PDT"]
[Termination "fisherpez ha vinto per abbandono"]

1. d4 e6 2. c4 b6 3. Nc3 Bb4 4. Nf3 Bb7 5. a3 Bxc3+ 6. bxc3 Nf6 7. e3 d6 8. Bd3 Nc6 9. O-O Na5 10. Re1 Ba6 11. Qa4+ Qd7 12. Qb4 d5 13. Bc2 Bxc4 14. Ba4 c6 15. e4 Nxe4 16. Ne5 Qc7 17. g3 Nd6 18. Bf4 Rd8 19. Nxc4 Naxc4 20. Bb3 a5 21. Rxe6+ fxe6 22. Qa4 b5 23. Be5 bxa4 24. Bxa4 O-O 0-1

[Event "Vener-dì-Lampo"]
[Site "Chess.com"]
[Date "2020.05.29"]
[Round "1"]
[White "markk000"]
[Black "pedrak"]
[Result "1-0"]
[WhiteElo "1578"]
[BlackElo "1990"]
[TimeControl "300+2"]
[EndTime "12:11:14 PDT"]
[Termination "markk000 ha vinto per abbandono"]

1. d4 Nf6 2. c4 e6 3. Nc3 Bb4 4.
Bd2 d6 5. Nf3 O-O 6. e3 b6 7.
Be2 Bb7 8. O-O Nbd7 9. a3 Bxc3 10. Bxc3 Qe7 11. b4 Ne4 12. Qc2 f5 13. Nd2 Nxc3 14.
Qxc3 Nf6 15. Bf3 Ne4 16. Nxe4 fxe4 17. Be2 c5 18. dxc5 bxc5 19. b5 d5 20. a4 Rac8 21. Rad1 Qg5 22. a5 h5 23. h3 Rf6 24. a6 Ba8 25. f3 exf3 26. Rxf3 Rxf3 27. Bxf3 d4 28.
exd4 cxd4 29. Rxd4 e5 30. Rd7 e4 31. Be2 e3 32. g4 hxg4 33. Bxg4 Re8 34. Kf1 Qf4+ 35. Ke1 Qf2+ 36. Kd1 Bf3+ 37. Kc1 Qf1+ 38. Kb2 Qf2+ 39. Ka3 1-0

[Event "Vener-dì-Lampo"]
[Site "Chess.com"]
[Date "2020.05.29"]
[Round "1"]
[White "mr6701"]
[Black "sergiodone"]
[Result "1-0"]
[WhiteElo "1966"]
[BlackElo "1524"]
[TimeControl "300+2"]
[EndTime "12:12:00 PDT"]
[Termination "mr6701 ha vinto per tempo"]

1. e4 g5 2. d4 Bg7 3. Nc3 e6 4. h4 h6 5. hxg5 hxg5 6. Rxh8 Bxh8 7. e5 c5 8. Qh5 Bg7 9. Qh7 Kf8 10. Nf3 cxd4 11.
Nxd4 Bxe5 12. Nf3 Bf6 13. Ne4 g4 14. Nd6 Qe7 15. Nxc8 Qb4+ 16. Kd1 gxf3 17. gxf3 Nc6 18. c3 Qa4+ 19. b3 Qa5 20. Nd6 Qd5+ 21. Qd3 Qxd3+ 22. Bxd3 Bxc3 23. Rb1 Ke7 24. Ba3 Bb4 25. Bxb4 Nxb4 26. Kd2 Nxd3 27. Kxd3 Rb8 28. Nc4 Nf6 29. Re1 b5 30. Ne3 a5 31. a3 Rc8 32. f4 Kf8 33. f5 e5 34. Rh1 d5 35. Rh8+ Ng8 36. Nxd5 Rd8 37. Ke4 Rxd5 38. Kxd5 Kg7 39. Rh1 Nf6+ 40. Kxe5 Ng4+ 41. Kd4 Nxf2 42. Rc1 f6 43. Rc5 b4 44. a4 Ng4 45. Rxa5 Ne5 46. Ra7+ Kh6 47. Rb7 Kg5 48. Ke4 1-0

[Event "Vener-dì-Lampo"]
[Site "Chess.com"]
[Date "2020.05.29"]
[Round "2"]
[White "crippo"]
[Black "mr6701"]
[Result "0-1"]
[WhiteElo "1607"]
[BlackElo "1968"]
[TimeControl "300+2"]
[EndTime "12:21:20 PDT"]
[Termination "mr6701 ha vinto per abbandono"]

1. e4 d5 2. exd5 Nf6 3. Bc4 Nxd5 4. Nf3 c6 5. d4 e6 6. c3 Be7 7. O-O O-O 8. Nbd2 Nd7 9. Ne4 N7f6 10. Ng3 b5 11. Bd3 b4 12. c4 Nb6 13. Be2 c5 14. b3 cxd4 15. Qxd4 Bb7 16. Qb2 Qc7 17. Bg5 h6 18. Be3 Ng4 19. Nh5 f6 20. Bf4 e5 21. Bg3 Be4 22. Nd2 f5 23. Nxe4 g6 24. Bxg4 gxh5 25. Bxe5 Qc8 26. Bh8 Rf7 27. Bxh5 Rh7 28.
Nf6+ Bxf6 29. Bxf6 Nd7 30. Rad1 Qc6 31. Bh4 Rg7 32.
g3 f4 33. Rfe1 fxg3 34. Bxg3 Nf6 35. Rd6 Qxd6 36. Rd1 Qe6 37. Bf3 Kh8 38. Kh1 Ne4 39. Re1 Nxg3+ 40. fxg3 Qxe1+ 41. Kg2 Rf8 0-1

[Event "Vener-dì-Lampo"]
[Site "Chess.com"]
[Date "2020.05.29"]
[Round "2"]
[White "sergiodone"]
[Black "SanSecondoPR"]
[Result "1-0"]
[WhiteElo "1527"]
[BlackElo "1229"]
[TimeControl "300+2"]
[EndTime "12:21:47 PDT"]
[Termination "sergiodone ha vinto per tempo"]

1. e4 e5 2. d4 exd4 3. Nf3 d5 4.
e5 Nc6 5. a3 Bg4 6. Be2 Bxf3 7.
Bxf3 Nxe5 8. Qxd4 Nxf3+ 9. gxf3 Nf6 10. Bg5 Qe7+ 11. Kf1 c5 12. Qf4 Rd8 13. Nc3 Rd6 14. Re1 Re6 15. Kg2 Qd6 16. Qxd6 Bxd6 17. Nb5 Bb8 18.
b3 a6 19. Rxe6+ fxe6 20. Nc3 O-O 21. Re1 Kf7 22. b4 Bc7 23. bxc5 Ba5 24. Bd2 d4 25. Nb1 Bc7 26. Bg5 e5 27. Bxf6 gxf6 28. Re4 1-0

[Event "Vener-dì-Lampo"]
[Site "Chess.com"]
[Date "2020.05.29"]
[Round "2"]
[White "pedrak"]
[Black "Mrtre7"]
[Result "1-0"]
[WhiteElo "1991"]
[BlackElo "1452"]
[TimeControl "300+2"]
[EndTime "12:22:27 PDT"]
[Termination "pedrak ha vinto per abbandono"]

1. e4 c5 2. Nc3 g6 3. Nf3 Bg7 4. d4 cxd4 5. Nxd4 Nc6 6. Be3 Nf6 7.
f3 O-O 8. Qd2 d5 9. exd5 Nxd5 10. Nxd5 Qxd5 11. c3 Rd8 12. Nxc6 bxc6 13. Be2 Bf5 14. c4 Qd6 15. Qxd6 Rxd6 16. Bc1 Rb8 17. Bf4 e5 18. Bc1 Re6 19. g4 e4 20. gxf5 gxf5 21.
fxe4 Rxe4 22. Rb1 Rbe8 23. Rg1 Rxe2+ 24. Kd1 Kh8 25. Bf4 Bxb2 26. Bd2 Bd4 27. Rf1 Rxh2 28. Rxf5 Ree2 29. Rb8+ Kg7 30. Rg5+ Kf6 31. Bf4 Rxa2 32.
Bxh2 Rxh2 33. Rg3 h5 34. Rf3+ Ke7 35. Rb7+ Ke6 36. Rbxf7 h4 37. Rh7 Kd6 38. Rh5 Be5 39.
Rd3+ Ke6 40. Re3 Rh1+ 41. Kc2 Rh2+ 42. Kd3 Kf6 43. Rexe5 h3 44. Re3 a5 45. Rhxh3 Rxh3 46. Rxh3 1-0

[Event "Vener-dì-Lampo"]
[Site "Chess.com"]
[Date "2020.05.29"]
[Round "2"]
[White "fisherpez"]
[Black "markk000"]
[Result "1-0"]
[WhiteElo "1720"]
[BlackElo "1572"]
[TimeControl "300+2"]
[EndTime "12:27:20 PDT"]
[Termination "fisherpez ha vinto per scaccomatto"]

1. e3 d5 2. b3 Nc6 3. Bb5 Nf6 4. Bb2 e6 5. Nf3 Bd6 6. Nc3 Bd7 7. Be2 O-O 8. O-O e5 9. h3 e4 10. Nh2 Qe7 11. Ng4 Bxg4 12. Bxg4 Nxg4 13. Qxg4 Qe5 14. g3 f5 15. Qg5 Qe6 16. Nxd5 Be5 17. Nxc7 Qd6 18.
Bxe5 Qxe5 19. Qf4 Qxf4 20. exf4 Rac8 21. Nb5 a6 22. Na3 Nd4 23. c3 Nf3+ 24. Kg2 Rf6 25. Rfd1 Rg6 26. Kf1 Rh6 27. h4 Rd6 28. Nc4 Rdd8 29.
Ke2 b5 30. Na5 Rd3 31. b4 Rcd8 32. Nb3 g6 33. a4 R8d7 34. axb5 axb5 35. Ra5 R7d5 36.
Ra8+ Kg7 37. Rc8 Kf6 38. Rc6+ Kg7 39. Rc7+ Kg8 40. Rc5 Kf7 41. Rc7+ Ke6 42. Rc6+ Kd7 43. Rc5 Ke7 44. Rxd5 Rxd5 45. Nc5 Kd6 46. Nb3 Ke6 47. Ra1 Rd6 48. Ra5 Rb6 49. Nc5+ Kd6 50. Ra6 Rxa6 51.
Nxa6 Ng1+ 52. Ke3 Nf3 53. d3 Kd5 54. Nc7+ Kc6 55. Ne6 Kd5 56. Nf8 Kc6 57. dxe4 fxe4 58. Nxh7 Kd5 59. Nf6+ Kc4 60. Nxe4 Ng1 61. Nd6+ Kxc3 62.
Nxb5+ Kxb4 63. Nd6 Nh3 64. Nf7 Kc5 65. Ne5 Kd6 66. Nxg6 Ke6 67. Ne5 Kf6 68. Kf3 Kg7 69. Kg4 Nxf2+ 70. Kg5 Ne4+ 71. Kg4 Kf6 72. Kf3 Nd6 73. g4 Ne8 74. Ke4 Ng7 75. f5 Ne8 76. g5+ Ke7 77. Ng6+ Kf7 78. Ne5+ Kg7 79. f6+ Nxf6+ 80.
gxf6+ Kxf6 81. Kf4 Kg7 82. Kg5 Kh7 83. Ng6 Kg7 84.
h5 Kh7 85. Nh4 Kg7 86. h6+ Kh7 87. Kh5 Kg8 88. Kg6 Kh8 89. Nf3 Kg8 90. Ng5 Kh8 91. Kh5 Kg8 92. Kg6 Kh8 93. Nf7+ Kg8 94. h7+ Kf8 95. Nh6 Ke7 96. h8=Q Kd6 97. Qe8 Kd5 98. Kf6 Kd4 99. Qe5+ Kd3 100. Qf4 Ke2 101. Qg3 Kd2 102. Ke5 Ke2 103. Ke4 Kd2 104. Kd4 Kc2 105. Kc4 Kb2 106. Kb4 Kc2 107. Qe3 Kd1 108. Qf2 Kc1 109. Kb3 Kd1 110. Qh2 Kc1 111. Kc3 Kd1 112. Qd2# 1-0

[Event "Vener-dì-Lampo"]
[Site "Chess.com"]
[Date "2020.05.29"]
[Round "3"]
[White "markk000"]
[Black "Mrtre7"]
[Result "0-1"]
[WhiteElo "1559"]
[BlackElo "1463"]
[TimeControl "300+2"]
[EndTime "12:31:19 PDT"]
[Termination "Mrtre7 ha vinto per abbandono"]

1. d4 d5 2. c4 c6 3. Nc3 e6 4. e4 Ne7 5. Nf3 Ng6 6. Be2 dxc4 7. Bxc4 b5 8. Bb3 Bb7 9. O-O Nd7 10. Bg5 Be7 11.
Bxe7 Qxe7 12. e5 O-O 13. Ne4 c5 14. Nd6 Bxf3 15. Qxf3 cxd4 16. Rfe1 Ndxe5 17. Nf5 Nxf3+ 18. gxf3 Qg5+ 19. Ng3 0-1

[Event "Vener-dì-Lampo"]
[Site "Chess.com"]
[Date "2020.05.29"]
[Round "3"]
[White "mr6701"]
[Black "fisherpez"]
[Result "1-0"]
[WhiteElo "1971"]
[BlackElo "1717"]
[TimeControl "300+2"]
[EndTime "12:34:56 PDT"]
[Termination "mr6701 ha vinto per scaccomatto"]

1. e4 e6 2. d4 b6 3. Nc3 Bb4 4. Bd3 Nf6 5. Nf3 Bb7 6. Qe2 Nc6 7. O-O Bxc3 8. bxc3 Na5 9. Bg5 h6 10. Bh4 g5 11.
Nxg5 hxg5 12. Bxg5 Rg8 13. f4 Rxg5 14. fxg5 Ng8 15.
Qh5 Qe7 16. g6 Nf6 17. Qh8+ Qf8 18. Qxf6 d6 19. gxf7+ Kd7 20. d5 e5 21. Bb5+ c6 22. dxc6+ Bxc6 23. Qf5+ Kc7 24. Bxc6 Nxc6 25. Rad1 Rd8 26.
Rd3 Rd7 27. Rg3 Ne7 28. Qe6 a6 29. Rg8 Nxg8 30. fxg8=Q Qxg8 31. Qxg8 Kc6 32. Qd5+ Kc7 33. Rf8 Rd8 34. Rxd8 Kxd8 35. Qxd6+ Ke8 36. Qxe5+ Kd7 37.
Qd5+ Kc7 38. e5 b5 39. Qd6+ Kb7 40. e6 Ka7 41. g4 Kb7 42. h4 Ka7 43. g5 Kb7 44. h5 b4 45. cxb4 a5 46. h6 axb4 47. Qxb4+ Kc6 48. h7 Kd5 49. h8=N Kxe6 50. a4 Kf5 51. a5 Ke6 52. a6 Kf5 53. a7 Ke5 54. c4 Kd4 55. c5+ Ke3 56. c6 Kd3 57. c7 Ke3 58. Nf7 Kd3 59. c8=Q Ke3 60. Qe6+ Kd3 61. Qee4# 1-0

[Event "Vener-dì-Lampo"]
[Site "Chess.com"]
[Date "2020.05.29"]
[Round "3"]
[White "sergiodone"]
[Black "pedrak"]
[Result "0-1"]
[WhiteElo "1526"]
[BlackElo "1992"]
[TimeControl "300+2"]
[EndTime "12:40:25 PDT"]
[Termination "pedrak ha vinto per tempo"]

1. e4 b6 2. d4 Bb7 3. Bd3 e6 4. c3 d6 5. Qe2 Nd7 6. Nf3 Ne7 7. h3 h6 8. a4 a6 9. Na3 g6 10. Nc2 Bg7 11. Bd2 O-O 12. O-O Nf6 13. Rab1 c5 14. a5 b5 15. e5 Nfd5 16. exd6 Qxd6 17. dxc5 Qxc5 18. Ncd4 Nc6 19. Nxc6 Bxc6 20. Rbc1 Qd6 21. c4 Nf4 22. Bxf4 Qxf4 23. cxb5 Bxb5 24. Bxb5 axb5 25.
Rc2 b4 26. Qc4 Qxc4 27. Rxc4 Bxb2 28. Rxb4 Bc3 29. Rb5 Rxa5 30. Rb7 Bf6 31. Nh2 Be5 32. Ng4 Bg7 33. g3 h5 34. Ne3 Rd8 35. Kg2 Ra2 36.
Nc4 Rc2 37. Ne3 Re2 38. Nd1 Rdd2 39. h4 Bd4 40. Kf3 Kg7 41. Rd7 e5 42. Rd8 Ra2 43.
Rc8 Red2 44. Nc3 Ra3 45. Rc1 Rd3+ 46. Ke4 Rdxc3 47. Rb1 Ra7 48. Rxc3 Bxc3 49. f4 exf4 50. gxf4 Bf6 51. Rd1 Bxh4 52. f5 g5 53. Rd3 Bf2 54. Kf3 Be1 55. Rd6 g4+ 56. Kf4 Bc3 57. Kg5 g3 58.
Kxh5 g2 59. Rd1 Ra1 0-1

[Event "Vener-dì-Lampo"]
[Site "Chess.com"]
[Date "2020.05.29"]
[Round "4"]
[White "Mrtre7"]
[Black "sergiodone"]
[Result "0-1"]
[WhiteElo "1456"]
[BlackElo "1533"]
[TimeControl "300+2"]
[EndTime "12:50:11 PDT"]
[Termination "sergiodone ha vinto per abbandono"]

1. d4 Nf6 2. c4 c5 3. d5 b5 4.
cxb5 a6 5. b6 Qxb6 6. Nc3 d6 7.
e4 Nbd7 8. Nf3 g6 9. Bd3 Bg7 10. O-O O-O 11. Nd2 Qa7 12. Nc4 Nb6 13. f4 Nxc4 14.
Bxc4 Bd7 15. Kh1 Rab8 16. Re1 h5 17. e5 dxe5 18. fxe5 Ng4 19. Qf3 Bxe5 20. Bf4 Qc7 21. g3 Bxf4 22. gxf4 Bb5 23. Bxb5 axb5 24. Rad1 Qd6 25.
Ne4 Qa6 26. Nxc5 Qa7 27. b4 Rbd8 28. f5 Qxa2 29. Re2 Qc4 30. Rde1 Rxd5 31. fxg6 fxg6 32. Qe3 Nxe3 33. Rxe3 Rf1+ 34. Kg2 Rxe1 35. Rxe1 Qg4+ 36. Kf1 Qf3+ 37. Kg1 0-1

[Event "Vener-dì-Lampo"]
[Site "Chess.com"]
[Date "2020.05.29"]
[Round "4"]
[White "markk000"]
[Black "mr6701"]
[Result "1-0"]
[WhiteElo "1576"]
[BlackElo "1956"]
[TimeControl "300+2"]
[EndTime "12:51:47 PDT"]
[Termination "markk000 ha vinto per scaccomatto"]

1. d4 d5 2. c4 e6 3. Nc3 Nf6 4. Nf3 Be7 5. Bf4 O-O 6. e3 b6 7. Be2 Bb7 8. O-O Nbd7 9. cxd5 Nxd5 10. Nxd5 Bxd5 11. Rc1 c5 12. b3 Rc8 13. Ba6 Ra8 14. Re1 Nf6 15. Be5 Ng4 16. Bg3 Nf6 17. Ne5 Bd6 18.
dxc5 Bxc5 19. Nd3 Ba3 20. Rb1 Ne4 21. Be5 f6 22. Bb2 Bxb2 23. Rxb2 Nc5 24. Nxc5 bxc5 25.
Rc2 Qb6 26. Bc4 Rad8 27. Qe2 f5 28. Rd1 Rf6 29. Rdc1 Rc8 30. Rd1 Be4 31. Rcd2 Rg6 32. f3 Bc6 33. Rd6 Re8 34. Qd3 Qb7 35. Qxf5 Bxf3 36.
Rd7 Rf8 37. Bxe6+ Kh8 38. Qxf8# 1-0

[Event "Vener-dì-Lampo"]
[Site "Chess.com"]
[Date "2020.05.29"]
[Round "4"]
[White "pedrak"]
[Black "fisherpez"]
[Result "1-0"]
[WhiteElo "1995"]
[BlackElo "1714"]
[TimeControl "300+2"]
[EndTime "12:52:49 PDT"]
[Termination "pedrak ha vinto per tempo"]

1. Nf3 e6 2. g3 b6 3. Bg2 Nc6 4. d4 Bb7 5. O-O Nf6 6. c3 Be7 7. Re1 O-O 8. e4 d6 9. Nbd2 g6 10. h3 Nd7 11. Nf1 e5 12. d5 Ncb8 13. Bh6 Re8 14.
Qd2 Bf8 15. Bxf8 Nxf8 16. Qh6 Qf6 17. Ne3 Qg7 18. Qh4 Nbd7 19. Ng4 Kh8 20. Nh6 f6 21. g4 Bc8 22. g5 Re7 23. gxf6 Qxf6 24. Qg3 Nc5 25.
Ng5 Bd7 26. Re2 Rg7 27. Re3 Be8 28. b4 Ncd7 29. Rf3 Qe7 30. h4 Nf6 31. Bh3 Nh5 32. Qg4 Nf4 33. Rxf4 exf4 34. Qxf4 Nd7 35. Ne6 Nf6 36.
Nxg7 Qxg7 37. Be6 Rd8 38. Rc1 1-0